 Dungeon Crawl Stone Soup version 0.30-b1-2-g02819fbbbe (webtiles) character file.

Game seed: 12720600033010984004

399382 redmage the Sorcerer (level 25, -4/261 (267) HPs)
             Began as a Meteoran Earth Elementalist on Aug 8, 2023.
             Was the Champion of Cheibriados.
             Slain by a bennu (5 damage)
             ... on level 2 of the Tomb of the Ancients on Aug 9, 2023.
             The game lasted 05:51:28 (10531 turns).

redmage the Sorcerer (Meteoran Earth Elementalist) Turns: 10531, Time: 05:51:29

HP:   -3/261 (267)  AC: 39    Str: 29 (31) XL:     25   Next: 16%
MP:   23/49         EV: 26    Int: 50 (53) God:    Cheibriados [******]
Gold: 947           SH:  8    Dex: 26 (29) Spells: 4/67 levels left

rFire   + + +        a - staff of earth "Hisais" {*Slow rCorr Int+6}
rCold   . . .        N - +1 buckler {AC+3}
rNeg    + . .        k - melded +1 troll leather armour
rPois   ∞            (helmet restricted)
rElec   +            V - +2 cloak {rCorr}
rCorr   +            i - melded +0 pair of gloves
SInv    +            U - melded +2 pair of boots {Fly}
Will    ++++.        q - amulet of magic regeneration
Stlth   +            A - ring "Coul" {*Corrode rElec rF+++ Will+ SInv}
HPRegen 0.63/turn    S - ring of Brilliance {Wiz rElec Int+5}
MPRegen 0.71/turn

%: corrode self (3%), slow self (1%), wizardry (x1)
@: statue-form, marked, slowed, glowing, studying 2 skills, lightly drained,
very slow
A: slow and powerful, torment resistance 1, boosted hp, sense surroundings 3,
otherworldly, glowing, explore regen, horns 1, (iridescent scales 1), strong 1,
inability to read after injury 1
}: 3/15 runes: decaying, slimy, gossamer
a: End Transformation, Renounce Religion, Bend Time, Temporal Distortion,
Slouch, Step From Time


You were on level 2 of the Tomb of the Ancients.
You worshipped Cheibriados.
Cheibriados was exalted by your worship.
You were a living statue of rough stone.
You visited 9 branches of the dungeon, and saw 45 of its levels.
You also visited: Gauntlet and Ice Cave.

You collected 3064 gold pieces.
You spent 2117 gold pieces at shops.

Inventory:

Hand Weapons
 b - the +10 spear of Drought {heavy, rElec rF+ rN+ MP+9}
   (You found it on level 11 of the Dungeon)

   rF:        It protects you from fire.
   rElec:     It insulates you from electricity.
   rN:        It protects you from negative energy.
   MP:        It affects your magic capacity (+9).
Missiles
 B - 6 curare-tipped darts
Armour
 i - a +0 pair of gloves (melded)
 k - a +1 troll leather armour (melded)
 p - a +2 helmet of see invisible
 x - a scarf of resistance
 J - a scarf of shadows
 N - a +1 buckler of protection (worn)
 U - a +2 pair of boots of flying (melded)
 V - a +2 cloak of preservation (worn)
Magical Staves
 a - the staff of earth "Hisais" (weapon) {*Slow rCorr Int+6}
   (You found it on level 5 of the Pits of Slime)

   [staff of earth]

   Base accuracy: +5 Base damage: 5 Base attack delay: 1.2 This weapon's minimum
   attack delay (0.6) is reached at skill level 12.
   Int:       It affects your intelligence (+6).
   rCorr:     It protects you from acid and corrosion.
   *Slow:     It may slow you when you take damage.
   It falls into the 'Staves' category.
   It is a one-handed weapon.
 o - a staff of air
 R - the staff of cold "Rielur" {rF++ rC+ rN+}
   (You found it on level 3 of the Crypt)

   [staff of cold]

   Base accuracy: +5 Base damage: 5 Base attack delay: 1.2 This weapon's minimum
   attack delay (0.6) is reached at skill level 12.
   rF:        It greatly protects you from fire.
   rC:        It protects you from cold.
   rN:        It protects you from negative energy.
   It falls into the 'Staves' category.
   It is a one-handed weapon.
Jewellery
 c - the ring of Wonder {Ice Will+}
   (You found it in an ice cave)

   [ring of ice]

   It enhances your ice magic.
   rF:        It makes you vulnerable to fire.
   rC:        It protects you from cold.
   Will:      It increases your willpower.
 q - an amulet of magic regeneration (around neck)
 A - the ring "Coul" (left fist) {*Corrode rElec rF+++ Will+ SInv}
   (You bought it in a shop on level 10 of the Dungeon)

   [ring of see invisible]

   rF:        It renders you almost immune to fire.
   rElec:     It insulates you from electricity.
   SInv:      It lets you see invisible.
   *Corrode:  It may corrode you when you take damage.
   Will:      It increases your willpower.
 Q - the ring "Guimpame" {Ice Str+5}
   (You found it in a Gauntlet)

   [ring of ice]

   It enhances your ice magic.
   Str:       It affects your strength (+5).
   rF:        It makes you vulnerable to fire.
   rC:        It protects you from cold.
 S - the ring of Brilliance (right fist) {Wiz rElec Int+5}
   (You took it off a yaktaur on level 5 of the Vaults)

   [ring of wizardry]

   It improves your spell success rate.
   Int:       It affects your intelligence (+5).
   rElec:     It insulates you from electricity.
Wands
 n - a wand of flame (28) (quivered)
 r - a wand of acid (21)
 H - a wand of mindburst (6)
 L - a wand of roots (29)
Scrolls
 e - 5 scrolls of vulnerability
 h - 4 scrolls of teleportation
 m - 4 scrolls of poison
 t - 4 scrolls of enchant weapon
 u - a scroll of brand weapon
 v - 6 scrolls of identify
 y - a scroll of silence
 C - 3 scrolls of fog
 E - 3 scrolls of fear
 I - 2 scrolls of enchant armour
 P - 2 scrolls of blinking
 Y - 3 scrolls of immolation
Potions
 d - 6 potions of might
 f - 3 potions of brilliance
 g - 10 potions of curing
 j - 2 potions of resistance
 l - 3 potions of berserk rage
 s - 9 potions of lignification
 w - 4 potions of ambrosia
 F - a potion of heal wounds
 G - a potion of mutation
 K - 3 potions of cancellation
 M - a potion of haste
Miscellaneous
 z - a phial of floods (inert)
 D - a box of beasts
 O - a condenser vane


   Skills:
 - Level 13.2 Fighting
 - Level 15.0 Dodging
 - Level 1.8 Stealth
 - Level 5.0 Shields
 - Level 16.2 Unarmed Combat
 - Level 21.6 Spellcasting
 - Level 9.0 Conjurations
 - Level 6.1 Necromancy
 - Level 3.0 Translocations
 + Level 12.7 Transmutations
 - Level 10.9 Fire Magic
 - Level 18.0 Air Magic
 + Level 20.3 Earth Magic
 - Level 6.0 Poison Magic
 - Level 12.0 Invocations
 - Level 6.0 Evocations


You had 4 spell levels left.
You knew the following spells:

 Your Spells              Type           Power      Damage    Failure   Level
a - Borgnjor's Vile Clut  Necr/Erth      68%        N/A       1%          5
b - Passwall              Tmut/Erth      100%       N/A       0%          2
c - Stone Arrow           Conj/Erth      100%       3d13      0%          3
d - Eringya's Noxious Bo  Tmut/Pois      49%        N/A       1%          6
e - Apportation           Tloc           100%       N/A       1%          1
f - Vhi's Electric Charg  Tloc/Air       100%       N/A       0%          3
i - Animate Dead          Necr           86%        N/A       1%          4
j - Maxwell's Capacitive  Air            62%        ∞         1%          8
o - Blade Hands           Tmut           55%        N/A       1%          5
q - Statue Form           Tmut/Erth      97%        N/A       1%          6
w - Storm Form            Tmut/Air       59%        N/A       1%          7
y - Shatter               Erth           78%        3d57*     3%          9
z - Passage of Golubria   Tloc           71%        N/A       1%          4

Your spell library contained the following spells:

 Spells                   Type           Power      Damage    Failure   Level
 Kiss of Death            Conj/Necr      100%       2d13      0%          1
 Sandblast                Erth           100%       2d20      0%          1
 Shock                    Conj/Air       100%       1d9       0%          1
 Sting                    Tmut/Pois      100%       1d8       0%          1
 Cigotuvi's Dreadful Rot  Necr/Pois/Air  100%       N/A       0%          2
 Poisonous Vapours        Pois/Air       100%       N/A       0%          2
 Ignite Poison            Fire/Tmut/Pois 100%       N/A       0%          3
 Swiftness                Air            100%       N/A       0%          3
 Airstrike                Air            62%        2d(9-25)  0%          4
 Petrify                  Tmut/Erth      100%       N/A       0%          4
 Slow                     Hex            100%       N/A       1%          1
 Ensorcelled Hibernation  Hex/Ice        100%       N/A       1%          2
 Sublimation of Blood     Necr           86%        N/A       1%          2
 Confusing Touch          Hex            52%        N/A       1%          3
 Dazzling Flash           Conj/Hex       100%       N/A       1%          3
 Portal Projectile        Hex/Tloc       100%       N/A       1%          3
 Tukima's Dance           Hex            52%        N/A       1%          3
 Vampiric Draining        Necr           86%        2d12      1%          3
 Volatile Blastmotes      Fire/Tloc      100%       2d18      1%          3
 Anguish                  Hex/Necr       35%        N/A       1%          4
 Animate Armour           Summ/Erth      100%       N/A       1%          4
 Cause Fear               Hex            26%        N/A       1%          4
 Dispel Undead            Necr           86%        3d28      1%          4
 Fulminant Prism          Conj/Hex       39%        3d18      1%          4
 Iskenderun's Mystic Bla  Conj/Tloc      85%        2d17      1%          4
 Leda's Liquefaction      Hex/Erth       62%        N/A       1%          4
 Olgreb's Toxic Radiance  Pois           85%        N/A       1%          4
 Summon Lightning Spire   Summ/Air       97%        N/A       1%          4
 Lee's Rapid Deconstruct  Erth           78%        3d35*     0%          5
 Agony                    Necr           86%        N/A       1%          5
 Alistair's Intoxication  Tmut/Pois      66%        N/A       1%          5
 Arcjolt                  Conj/Air       56%        1d66      1%          5
 Freezing Cloud           Conj/Ice/Air   48%        6-21      1%          5
 Irradiate                Conj/Tmut      52%        3d29      1%          5
 Silence                  Hex/Air        48%        N/A       1%          5
 Summon Forest            Summ/Tloc      31%        N/A       1%          5
 Yara's Violent Unravell  Hex/Tmut       43%        3d17      1%          5
 Death Channel            Necr           43%        N/A       1%          6
 Iron Shot                Conj/Erth      70%        9d13      1%          6
 Plasma Beam              Fire/Air       57%        2x1d80    1%          6
 Starburst                Conj/Fire      50%        6d14      1%          6
 Dragon Form              Tmut           55%        N/A       1%          7
 Summon Mana Viper        Hex/Summ       52%        N/A       3%          5
 Dispersal                Tloc           35%        N/A       6%          6
 Simulacrum               Ice/Necr       35%        N/A       6%          6
 Ignition                 Fire           52%        3d14      10%         8
 Necromutation            Tmut/Necr      49%        N/A       17%         8
 Summon Cactus Giant      Summ           26%        N/A       19%         6
 Chain Lightning          Conj/Air       56%        3d74      43%         9
 Enfeeble                 Hex            26%        N/A       69%         7
 Summon Hydra             Summ           26%        N/A       69%         7
 Fire Storm               Conj/Fire      50%        8d13      88%         9
 Disjunction              Tloc           35%        N/A       90%         8
 Discord                  Hex            26%        N/A       100%        8
 Death's Door             Necr           43%        N/A       100%        9


Dungeon Overview and Level Annotations

Branches:
Dungeon (15/15) Zot: 7812    Lair (5/5) D:9 Zot: 1399   Swamp (4/4) Lair:2 Zot: 2527
 Spider (4/4) Lair:3 Zot: 2598   Slime (5/5) Lair:5 Zot: 3829     Orc (2/2) D:9 Zot: 646
    Elf (0/3) Orc:2        Vaults (5/5) D:13 Zot: 2342   Crypt (3/3) Vaults:3 Zot: 2135
   Tomb (2/3) Crypt:3 Zot: 1337  Depths (0/4) D:15          IceCv (visited)
Gauntlet (visited)
 Temple: D:4-7

Altars:
Ashenzari
Cheibriados
Dithmenos
Fedhas
Kikubaaqudgha
Qazlal
Ru
Uskayaw
Yredelemnul
Jiyva
Lugonu

Shops:
D:4 [   D:10 (=[*   Orc:2 (:(   Vaults:3 *[

Portals:
Abyss: Lair:5

Annotations:
D:3 exclusion: upstairs
D:4 2 transporters, Edmund; Menkaure; zielscheibe's ghost, novice DsTm
D:11 1 runed translucent door
Lair:3 1 runed translucent door
Swamp:4 1 runed translucent door, rinqtmith's ghost, adept TrFi


Innate Abilities, Weirdness & Mutations

You are a living statue of rough stone.
Your actions are slow, but your melee attacks are powerful.
You are resistant to unholy torment.
Your maximum health is greatly increased.
You are immune to poison.
Your equipment is partially melded.
You passively map a large area around you.
You are easily found by Zot.
You glow in the dark.
You regain HP and MP as you explore.
You have a pair of small horns on your head.
((You are partially covered in iridescent scales. (AC +2)))
Your muscles are strong. (Str +4, Int/Dex -1)
You occasionally lose the ability to read scrolls when taking damage.


Message History

Unknown command.
Unknown command.
Unknown command.
Casting: Shatter (dangerous; 2% risk of failure)
Confirm with . or Enter, or press ? or * to list all spells.
You feel a surge of power!
The dungeon rumbles!
The bennu is almost dead.
You destroy the royal mummy!
Cheibriados thoroughly appreciates the change of pace.
You kill the emperor scorpion!
The emperor scorpion's corpse disappears in a puff of smoke!
You destroy the death scarab!
The death scarab's corpse disappears in a puff of smoke!
You kill the emperor scorpion!
The emperor scorpion's corpse disappears in a puff of smoke!
You destroy the royal mummy!
Cheibriados appreciates the change of pace.
The death scarab disappears in a puff of smoke!
The emperor scorpion disappears in a puff of smoke! x2
The royal mummy is heavily damaged.
You destroy the royal mummy!
Cheibriados thoroughly appreciates the change of pace.
The death scarab disappears in a puff of smoke! x2
Ka-crash!
You feel extremely nervous for a moment...
Your body is wracked with pain!
* * * LOW HITPOINT WARNING * * *
You feel extremely nervous for a moment...
You are engulfed in negative energy!
You feel dopey.
You feel extremely nervous for a moment...
Pain shoots through your body!
* * * LOW HITPOINT WARNING * * *
The bennu completely misses you. The bennu misses you.
The bennu claws you but does no damage. The bennu barely misses you.
The bennu claws you.
* * * LOW HITPOINT WARNING * * *
The bennu claws you.
You die...

+ * , ,,,, , ,,
...............* ,
^ , ,
#$............# ,,
,, ,, , +
.^............. ,*
, , , , ^ ,
............^.. ^^
* *
<,....§.§........ ,
***+
...............
,,,*,, * ,
$...§§......... .,
, ^ , . #....8....#
..., , , ^ , *
......b.....#....,
* , ,, ,
..........)...... ,
, *
...^..^..§....... ^
,*,
.....†^M§........,,
, , * ,
.....§.†.§....... *
, ,
..†§...§........^*,
*
.§......§.......#*
, .[..............#
* *


You could see a royal mummy and a bennu.

Vanquished Creatures
  the Royal Jelly (Slime:5)
  Dissolution (Slime:5)
  2 dread liches (Vaults:5)
  An ancient lich (Vaults:5)
  Mara (Swamp:3)
  13 royal mummies
  A curse toe (Crypt:3)
  Saint Roka (Vaults:1)
  A golden dragon (Vaults:5)
  2 bone dragons
  Arachne (Spider:4)
  3 tentacled monstrosities
  Rupert (Orc:2)
  2 doom hounds (Crypt:3)
  Grunn (Crypt:3)
  Asterion (Spider:3)
  7 titans (Vaults:5)
  23 acid blobs
  The ghost of BerneyBell the Brawler, an adept TrGl of Ru (Swamp:1)
  7 ancient champions
  9 sphinxes
  A tengu reaver (Vaults:5)
  2 shadow dragons (Vaults:5)
  A storm dragon (Vaults:5)
  13 rockslimes
  A fire giant (Vaults:5)
  6 revenants
  10 azure jellies
  2 iron dragons (Vaults:5)
  11 vault wardens
  6 emperor scorpions
  A frost giant (Vaults:5)
  Louise (Swamp:4)
  5 ghouls
  3 ghost moths
  A caustic shrike skeleton (Crypt:1)
  10 ironbound preservers
  2 stone giants (Vaults:5)
  2 broodmothers (Spider:4)
  A reaper (Crypt:3)
  5 very ugly things
  2 war gargoyles (Vaults:5)
  3 ironbound thunderhulks
  12 quicksilver oozes
  5 vampire knights
  7 bennus
  3 deep elf demonologists (Vaults:5)
  3 eleionomae
  3 bunyips (Swamp:3)
  Nessos (D:12)
  5 dire elephants
  2 deep elf annihilators (Vaults:5)
  A minotaur (Gauntlet)
  3 spark wasps (Spider:4)
  6 ettins (Vaults:5)
  The ghost of diceflayer the Severer, a journeyman DsGl of Okawaru (D:11)
  4 eidola
  9 jiangshi
  9 mummy priests
  An acid blob zombie (Crypt:3)
  A deep elf death mage (Vaults:5)
  An entropy weaver (shapeshifter) (Lair:5)
  The ghost of diceflayer the Warrior, a journeyman DsGl of Okawaru (D:11)
  5 yaktaur captains
  The ghost of Cris the Basher, a journeyman AtFi of Okawaru (D:11)
  5 great orbs of eyes
  A spriggan zombie (Tomb:1)
  7 entropy weavers
  2 ogre magi (Vaults:5)
  33 vault guards
  Erica (D:11)
  12 hydras
  3 centaur warriors
  5 ironbound frosthearts
  A two-headed ogre (D:13)
  A radroach (Spider:2)
  3 ghost crabs
  2 death knights
  3 alligators (Swamp:4)
  2 vampire magi
  38 death scarabs
  2 tengu warriors (D:12)
  7 boulder beetles
  4 thrashing horrors (Lair:5)
  3 deep troll earth magi (Vaults:5)
  A sun demon (Gauntlet)
  A soul eater (Crypt:3)
  2 spriggan berserkers
  A wretched star (Gauntlet)
  6 spriggans
  4 fire crabs (Lair:3)
  3 pharaoh ants
  14 skeletal warriors
  2 goliath frogs
  A sea snake (shapeshifter) (D:15)
  A bunyip zombie (Crypt:3)
  A sun moth (Spider:4)
  3 spriggan druids (Swamp:4)
  2 shadow wraiths (Crypt:3)
  A glowing orange brain (Slime:5)
  6 orb spiders
  A death drake (shapeshifter) (Vaults:3)
  6 lindwurms
  4 wizards
  4 bog bodies
  A spriggan simulacrum (Crypt:3)
  22 deep trolls
  2 orange crystal statues (IceCv)
  8 phantasmal warriors
  A necromancer (Crypt:1)
  6 swamp dragons
  3 orc knights (Orc:2)
  13 ironbound convokers
  4 steelbarb worms
  2 deep elf pyromancers
  2 cyclopes
  14 wolf spiders
  2 manticores
  A cyclops (shapeshifter) (Lair:5)
  3 shining eyes
  10 ugly things
  A wolf spider (shapeshifter) (Vaults:3)
  3 orc sorcerers (Orc:2)
  A will-o-the-wisp (Swamp:4)
  A draconian skeleton (Crypt:1)
  A moth of wrath (Spider:4)
  A stone giant skeleton (Crypt:3)
  An ice statue (Spider:1)
  A moth of wrath (shapeshifter) (Vaults:3)
  8 black mambas
  A dire elephant zombie (Crypt:3)
  Maurice (D:8)
  16 vault sentinels
  12 elephants
  An apocalypse crab (Lair:3)
  A smoke demon (Lair:5)
  A gargoyle (D:10)
  3 demonic crawlers
  2 eyes of devastation
  2 torpor snails
  12 cane toads
  A rime drake (Lair:5)
  4 komodo dragons
  A hellion (Gauntlet)
  A freezing wraith (D:13)
  An unseen horror (D:11)
  21 yaktaurs
  8 trolls
  11 guardian mummies
  3 harpy zombies
  An ancient zyme (Lair:5)
  3 meliai (Spider:4)
  4 human zombies (Vaults:5)
  A polar bear (Lair:5)
  A bloated husk (Swamp:2)
  5 tyrant leeches
  6 hornets
  20 tarantellas
  A fire dragon zombie (Crypt:3)
  28 blink frogs
  A dream sheep (shapeshifter) (Vaults:3)
  9 jumping spiders
  A snapping turtle (shapeshifter) (Vaults:3)
  22 flying skulls
  2 ice dragon skeletons (Crypt:1)
  55 slime creatures
  2 ynoxinuls (Lair:5)
  A jumping spider (shapeshifter) (D:14)
  A yak (shapeshifter) (D:13)
  A water elemental (D:14)
  A shadow (D:11)
  7 culicivoras
  3 wraiths
  48 yaks
  A wyvern (Lair:4)
  2 ushabtiu
  6 basilisks
  10 golden eyes
  2 steam dragons
  8 vampire mosquitoes
  25 redbacks
  10 swamp worms
  9 wargs
  2 large abominations (Lair:5)
  2 hell hounds (Gauntlet)
  A demonspawn skeleton (Tomb:1)
  A deep troll skeleton (Crypt:2)
  5 water moccasins
  2 sky beasts
  A swamp drake (shapeshifter) (Lair:5)
  14 orc warriors
  7 great orb of eyes simulacra (IceCv)
  6 swamp drakes (Swamp:4)
  4 boggarts (D:14)
  12 wolves
  2 centaurs
  6 ogres
  11 small abominations
  2 kobold brigands
  6 slime creature simulacra (IceCv)
  3 wyvern zombies (D:7)
  4 bullfrogs
  3 necrophages (Crypt:2)
  A glowing shapeshifter simulacrum (IceCv)
  8 scorpions
  4 wights (D:9)
  11 killer bees
  A shapeshifter skeleton (Crypt:3)
  2 electric eels
  9 howler monkeys
  2 centaur zombies (D:7)
  2 bullfrog zombies (D:7)
  6 hounds
  15 orc priests
  A basilisk skeleton (Crypt:1)
  3 gnoll boudas
  9 jellies
  2 sleepcaps (D:6)
  Ijyb (D:3)
  2 centaur skeletons (Crypt:3)
  19 orc wizards
  An iguana (D:6)
  Terence (D:3)
  A killer bee zombie (D:7)
  2 naga zombies
  38 mummies
  Robin (D:4)
  13 gnolls
  2 adders
  A shadow imp (D:6)
  A white imp (D:7)
  2 dart slugs
  48 orcs
  A bat (D:3)
  4 endoplasms
  6 giant cockroaches
  11 goblins
  6 hobgoblins
  3 jackals (D:3)
  2 ball pythons
  A ball python skeleton (Crypt:2)
  11 kobolds
  A rat (D:2)
  A rat zombie (Crypt:3)
  A butterfly (D:11)
  A spectral weapon (Spider:3)
1316 creatures vanquished.

Vanquished Creatures (collateral kills)
  A titan (Vaults:5)
  A tengu reaver (Vaults:5)
  An azure jelly (Slime:5)
  A stone giant (Vaults:5)
  2 ettins (Vaults:5)
  A yaktaur captain (Vaults:5)
  A vault guard (Vaults:5)
  An ogre mage (Vaults:5)
  A deep troll (Vaults:1)
  A swamp dragon (Swamp:3)
  A shining eye (Slime:5)
  A necromancer (Vaults:5)
  2 yaktaurs (Vaults:5)
  A hornet (Swamp:4)
  2 jumping spiders (Spider:2)
  2 swamp drakes
20 creatures vanquished.

Vanquished Creatures (others)
  An ancient lich (Vaults:5)
  A sphinx (Tomb:1)
  A stone giant (Vaults:5)
  An eleionoma (Swamp:2)
  A very ugly thing zombie (Vaults:5)
  A vault guard (Vaults:5)
  3 titan zombies (Vaults:5)
  A storm dragon zombie (Vaults:5)
  2 tengu zombies (Vaults:5)
  A swamp dragon (Swamp:4)
  An ugly thing zombie (Vaults:5)
  3 stone giant zombies (Vaults:5)
  A frost giant zombie (Vaults:5)
  An iron dragon zombie (Vaults:5)
  3 yaktaur zombies (Vaults:5)
  31 human zombies (Vaults:5)
  3 ettin zombies (Vaults:5)
  An elf zombie (Vaults:5)
  2 deep troll zombies (Vaults:5)
  A spriggan (Swamp:4)
  A vampire mosquito (Swamp:2)
  2 ogre zombies (Vaults:5)
  A kobold (D:7)
  A butterfly (D:7)
  18 fungi
  18 plants
101 creatures vanquished.

Grand Total: 1437 creatures vanquished

Notes
Turn   | Place    | Note
-------+----------+-------------------------------------------
     0 | D:1      | redmage the Meteoran Earth Elementalist began the quest for
                  | the Orb.
     0 | D:1      | Reached XP level 1. HP: 14/14 MP: 5/5
   146 | D:2      | Reached skill level 3 in Spellcasting
   146 | D:2      | Reached XP level 2. HP: 20/20 MP: 1/7
   156 | D:2      | Found a faded altar of an unknown god.
   187 | D:2      | Learned a level 2 spell: Passwall
   243 | D:3      | Reached XP level 3. HP: 26/26 MP: 5/8
   247 | D:3      | Learned a level 3 spell: Stone Arrow
   318 | D:3      | Found a hide-covered altar of Uskayaw.
   362 | D:3      | Reached skill level 1 in Conjurations
   362 | D:3      | Reached XP level 4. HP: 28/33 MP: 2/10
   388 | D:3      | Found a blossoming altar of Fedhas.
   390 | D:3      | Found a snail-covered altar of Cheibriados.
   410 | D:3      | Became a worshipper of Cheibriados the Contemplative
   459 | D:4      | Noticed Edmund
   461 | D:4      | Noticed Menkaure
   516 | D:3      | Noticed Terence
   519 | D:3      | Killed Terence
   520 | D:3      | Reached skill level 5 in Earth Magic
   520 | D:3      | Reached XP level 5. HP: 38/38 MP: 4/11
   534 | D:3      | Noticed Ijyb
   541 | D:3      | Killed Ijyb
   576 | D:3      | Reached skill level 4 in Spellcasting
   649 | D:3      | Reached XP level 6. HP: 45/45 MP: 11/13
   684 | D:4      | Noticed Robin
   691 | D:3      | Reached * piety under Cheibriados
   795 | D:4      | Killed Robin
   826 | D:4      | Found a transporter.
   826 | D:4      | Found a transporter.
   826 | D:4      | Noticed zielscheibe's ghost (novice DsTm)
   826 | D:4      | Noticed an ogre
   826 | D:4      | Identified the +11 great mace "Kikh" {antimagic, Fly}
   826 | D:4      | Noticed an ogre
   827 | D:4      | Noticed an ogre
   836 | D:4      | Found Tenunya's Armour Shoppe.
   874 | D:5      | Entered Level 5 of the Dungeon
   884 | D:5      | Learned a level 4 spell: Petrify
   893 | D:5      | Found a broken altar of Ashenzari.
   917 | D:6      | Noticed a sky beast
   918 | D:6      | Reached XP level 7. HP: 50/50 MP: 3/14
   936 | D:5      | Found a sacrificial altar of Ru.
   981 | D:6      | Found a shadowy altar of Dithmenos.
   992 | D:6      | Reached skill level 5 in Conjurations
   992 | D:6      | Reached skill level 1 in Evocations
  1030 | D:6      | Reached ** piety under Cheibriados
  1033 | D:6      | Reached skill level 5 in Spellcasting
  1084 | D:6      | You fall into a shaft and drop 2 floors!
  1120 | D:8      | Noticed a water moccasin
  1179 | D:8      | Killed a water moccasin
  1180 | D:8      | Reached XP level 8. HP: 50/57 MP: 12/16
  1211 | D:8      | Noticed Maurice
  1225 | D:8      | Killed Maurice
  1315 | D:7      | Found a stormy altar of Qazlal.
  1385 | D:7      | Gained mutation: You passively map the area around you.
                  | [Meteoran growth]
  1385 | D:7      | Reached XP level 9. HP: 62/62 MP: 14/18
  1405 | D:7      | Reached skill level 6 in Spellcasting
  1452 | D:7      | Reached *** piety under Cheibriados
  1576 | D:7      | Reached skill level 5 in Transmutations
  1588 | D:7      | Found a basalt altar of Yredelemnul.
  1649 | D:8      | Reached **** piety under Cheibriados
  1652 | D:8      | Reached XP level 10. HP: 69/69 MP: 10/21
  1714 | D:8      | Reached skill level 5 in Evocations
  1758 | D:9      | Reached skill level 7 in Spellcasting
  1758 | D:9      | Reached skill level 1 in Invocations
  1792 | D:8      | Reached skill level 5 in Invocations
  1802 | D:8      | HP: 2/69 [yak (12)]
  1813 | D:8      | HP: 3/69 [yak (3)]
  1956 | D:8      | Reached ***** piety under Cheibriados
  1979 | D:8      | Learned a level 5 spell: Blade Hands
  2002 | D:9      | Reached XP level 11. HP: 74/74 MP: 16/22
  2025 | D:9      | Found a staircase to the Orcish Mines.
  2041 | D:9      | Reached skill level 1 in Fighting
  2041 | D:9      | Reached skill level 1 in Unarmed Combat
  2119 | Orc:1    | Entered Level 1 of the Orcish Mines
  2144 | Orc:1    | Reached skill level 10 in Invocations
  2179 | D:9      | Found a staircase to the Lair.
  2218 | Orc:2    | Entered Level 2 of the Orcish Mines
  2222 | Orc:2    | Noticed Rupert
  2286 | D:10     | Entered Level 10 of the Dungeon
  2305 | D:10     | Found Wuczu's Antique Armour Shop.
  2323 | D:10     | Bought a pair of runed boots for 240 gold pieces
  2352 | D:10     | Found Piydwu Efya's Assorted Antiques.
  2377 | D:10     | Bought an agate ring for 155 gold pieces
  2377 | D:10     | Bought a scroll labelled KATSIUFR FIUGH for 31 gold pieces
  2444 | D:10     | Learned a level 3 spell: Vhi's Electric Charge
  2584 | D:10     | Found Dileo's Jewellery Shop.
  2584 | D:10     | Found the +4 Cigotuvi's embrace {Corpsefed rMiasma Drain
                  | rN+}
  2605 | D:10     | Found Nueskaikh's Weapon Boutique.
  2629 | D:10     | Reached skill level 1 in Translocations
  2629 | D:10     | Reached skill level 1 in Air Magic
  2713 | Lair:1   | Entered Level 1 of the Lair of Beasts
  2735 | Lair:1   | Noticed a black mamba
  2744 | Lair:1   | Killed a black mamba
  2745 | Lair:1   | Reached skill level 5 in Dodging
  2840 | Lair:3   | Noticed a black mamba
  2844 | Lair:3   | Killed a black mamba
  2845 | Lair:3   | Reached XP level 12. HP: 63/89 MP: 22/23
  2848 | Lair:3   | Found a hole to the Spider Nest.
  2860 | Lair:3   | Learned a level 6 spell: Plasma Beam
  2891 | Lair:2   | Reached skill level 1 in Fire Magic
  2920 | Lair:2   | Reached ****** piety under Cheibriados
  2969 | Lair:3   | Found a runed translucent door.
  2977 | Lair:3   | Noticed a fire crab
  3005 | Lair:3   | Reached skill level 5 in Air Magic
  3100 | Lair:4   | Reached skill level 5 in Fire Magic
  3246 | Lair:5   | Entered Level 5 of the Lair of Beasts
  3317 | Lair:3   | Identified the +4 dagger of Amorous Courage {spect, rF+
                  | rCorr}
  3339 | Lair:4   | Identified a scroll of acquirement
  3340 | Lair:4   | Acquired the +1 cloak of Proximity {Will+}
  3366 | Lair:4   | Noticed a five-headed hydra
  3370 | Lair:4   | Killed a five-headed hydra
  3456 | Lair:5   | Reached XP level 13. HP: 80/94 MP: 24/24
  3591 | Lair:5   | Noticed an entropy weaver
  3597 | Lair:5   | Killed an entropy weaver
  3623 | Lair:5   | Reached skill level 10 in Air Magic
  3732 | Lair:5   | Reached skill level 10 in Fire Magic
  3849 | Lair:5   | Reached XP level 14. HP: 78/104 MP: 24/25
  3849 | Lair:5   | Found a corrupted altar of Lugonu.
  3849 | Lair:5   | Found a one-way gate to the infinite horrors of the Abyss.
  4010 | Lair:5   | Reached skill level 5 in Fighting
  4077 | Lair:5   | Reached skill level 8 in Spellcasting
  4119 | Lair:5   | Found a staircase to the Slime Pits.
  4256 | Orc:2    | Killed Rupert
  4257 | Orc:2    | Reached skill level 9 in Spellcasting
  4338 | Orc:2    | Found Reliz's Weapon Boutique.
  4475 | Orc:2    | Found Veacwam's Book Emporium.
  4480 | Orc:2    | Found a staircase to the Elven Halls.
  4577 | Orc:2    | Bought a book of Party Tricks for 192 gold pieces
  4579 | Orc:2    | Learned a level 1 spell: Apportation
  4584 | Orc:2    | Found Poliup's Antique Weapon Shop.
  4749 | Orc:2    | Bought a book of the Sky for 528 gold pieces
  4787 | D:9      | Learned a level 7 spell: Storm Form
  4840 | D:11     | Found a runed translucent door.
  4841 | D:11     | Found a runed translucent door.
  4901 | D:11     | Noticed Erica
  4903 | D:11     | Killed Erica
  4944 | D:11     | Found a runed translucent gate.
  4944 | D:11     | Found a runed translucent gate.
  4944 | D:11     | Found a runed translucent gate.
  4945 | D:11     | Noticed Cris's ghost (journeyman AtFi)
  4945 | D:11     | Noticed diceflayer's ghost (journeyman DsGl)
  4946 | D:11     | Noticed diceflayer's ghost (journeyman DsGl)
  4960 | D:12     | Noticed Nessos
  4962 | D:12     | Killed Nessos
  4963 | D:12     | Reached XP level 15. HP: 80/118 MP: 26/29
  5060 | D:11     | Reached skill level 1 in Shields
  5451 | Lair:2   | Found a staircase to the Swamp.
  5457 | Swamp:1  | Entered Level 1 of the Swamp
  5458 | Swamp:1  | Found a large runed translucent door.
  5458 | Swamp:1  | Found a large runed translucent door.
  5466 | Swamp:1  | Noticed BerneyBell's ghost (adept TrGl)
  5473 | Swamp:1  | Learned a level 4 spell: Summon Lightning Spire
  5482 | Swamp:1  | Killed BerneyBell's ghost
  5490 | Swamp:1  | Identified the ring "Tifaant" {rPois Str+4 Int+5 SInv}
  5490 | Swamp:1  | Noticed a tentacled monstrosity
  5537 | Swamp:1  | Killed a tentacled monstrosity
  5622 | Swamp:3  | Reached skill level 5 in Unarmed Combat
  5636 | Swamp:2  | Reached skill level 10 in Transmutations
  5658 | Swamp:4  | Entered Level 4 of the Swamp
  5697 | Swamp:4  | Reached skill level 10 in Dodging
  5713 | Swamp:3  | Reached skill level 5 in Shields
  5713 | Swamp:3  | Reached skill level 10 in Spellcasting
  5718 | Swamp:3  | Reached XP level 16. HP: 101/128 MP: 2/31
  5719 | Swamp:3  | Noticed Mara
  5769 | Swamp:3  | Noticed redmage's illusion
  5770 | Swamp:3  | Killed Mara
  5873 | Swamp:4  | Found a runed translucent door.
  5873 | Swamp:4  | Noticed rinqtmith's ghost (adept TrFi)
  5907 | Swamp:4  | Found a sacrificial altar of Ru.
  5933 | Swamp:4  | Noticed Louise
  5935 | Swamp:4  | Noticed a thorn hunter
  5991 | Swamp:4  | Killed Louise
  6070 | Swamp:4  | Got a decaying rune of Zot
  6187 | Lair:3   | Reached XP level 17. HP: 137/137 MP: 32/32
  6197 | Lair:3   | Identified the staff of fire "Ogeyh" {rF+ Int+2}
  6239 | Spider:1 | Entered Level 1 of the Spider Nest
  6262 | Spider:1 | Found a frozen archway.
  6284 | IceCv    | Entered an ice cave
  6303 | IceCv    | Reached skill level 11 in Spellcasting
  6382 | IceCv    | Noticed a rockslime
  6385 | IceCv    | Noticed an azure jelly
  6389 | IceCv    | Killed a rockslime
  6389 | IceCv    | Noticed an azure jelly
  6390 | IceCv    | Reached skill level 12 in Spellcasting
  6394 | IceCv    | Killed an azure jelly
  6397 | IceCv    | Killed an azure jelly
  6402 | IceCv    | Found a viscous altar of Jiyva.
  6419 | IceCv    | Got the ring of Wonder {Ice Will+}
  6445 | IceCv    | Identified the +2 ice dragon scales of Sorurebur {rF- rC++
                  | rN+ rCorr Int+4}
  6483 | Spider:1 | Learned a level 8 spell: Maxwell's Capacitive Coupling
  6530 | Spider:3 | Reached skill level 15 in Air Magic
  6555 | Spider:3 | Noticed Asterion
  6563 | Spider:3 | Noticed an Executioner
  6563 | Spider:3 | Killed Asterion
  6572 | Spider:4 | Entered Level 4 of the Spider Nest
  6572 | Spider:4 | Noticed Arachne
  6622 | Spider:4 | Gained mutation: You passively map a large area around you.
                  | [Meteoran growth]
  6622 | Spider:4 | Reached XP level 18. HP: 145/146 MP: 24/35
  6659 | Spider:4 | Reached skill level 10 in Unarmed Combat
  6717 | Spider:4 | Reached skill level 10 in Fighting
  6900 | Spider:4 | Got a gossamer rune of Zot
  6995 | Spider:4 | Killed Arachne
  7130 | Lair:5   | Found a viscous altar of Jiyva.
  7142 | Slime:1  | Entered Level 1 of the Pits of Slime
  7142 | Slime:1  | Noticed an acid blob
  7148 | Slime:1  | Killed an acid blob
  7176 | Slime:2  | Noticed an acid blob
  7179 | Slime:2  | Killed an acid blob
  7179 | Slime:2  | Noticed an acid blob
  7185 | Slime:2  | Killed an acid blob
  7204 | Slime:2  | Noticed an acid blob
  7210 | Slime:2  | Killed an acid blob
  7273 | Slime:3  | Noticed an acid blob
  7275 | Slime:3  | Killed an acid blob
  7278 | Slime:3  | Noticed an acid blob
  7280 | Slime:3  | Killed an acid blob
  7302 | Slime:3  | Reached XP level 19. HP: 156/156 MP: 36/36
  7316 | Slime:4  | Noticed an acid blob
  7319 | Slime:4  | Killed an acid blob
  7330 | Slime:4  | Noticed an acid blob
  7333 | Slime:4  | Killed an acid blob
  7342 | Slime:5  | Entered Level 5 of the Pits of Slime
  7342 | Slime:5  | Noticed an acid blob
  7343 | Slime:5  | Killed an acid blob
  7344 | Slime:5  | Noticed an acid blob
  7344 | Slime:5  | Noticed an acid blob
  7345 | Slime:5  | Noticed an acid blob
  7349 | Slime:5  | Killed an acid blob
  7349 | Slime:5  | Killed an acid blob
  7350 | Slime:5  | Killed an acid blob
  7409 | Slime:5  | Noticed an acid blob
  7411 | Slime:5  | Noticed the Royal Jelly
  7413 | Slime:5  | Killed an acid blob
  7414 | Slime:5  | Found a viscous altar of Jiyva.
  7414 | Slime:5  | Noticed an acid blob
  7415 | Slime:5  | Noticed an acid blob
  7424 | Slime:5  | Noticed an acid blob
  7428 | Slime:5  | Killed an acid blob
  7429 | Slime:5  | Noticed an acid blob
  7429 | Slime:5  | Noticed an acid blob
  7430 | Slime:5  | Noticed an acid blob
  7431 | Slime:5  | Killed an acid blob
  7432 | Slime:5  | Noticed an acid blob
  7433 | Slime:5  | Killed an acid blob
  7435 | Slime:5  | Killed an acid blob
  7438 | Slime:5  | Killed an acid blob
  7440 | Slime:5  | Noticed an acid blob
  7446 | Slime:5  | Noticed Dissolution
  7448 | Slime:5  | Noticed an acid blob
  7449 | Slime:5  | Killed the Royal Jelly
  7451 | Slime:5  | Killed an acid blob
  7451 | Slime:5  | Killed an acid blob
  7451 | Slime:5  | Killed an acid blob
  7452 | Slime:5  | Killed an acid blob
  7455 | Slime:5  | Killed Dissolution
  7460 | Slime:5  | Identified the ring of Jealousy {rElec rN+ Str+3}
  7463 | Slime:5  | Identified the staff of conjuration "Fegiphatz" {rC+}
  7464 | Slime:5  | Identified the staff of earth "Hisais" {*Slow rCorr Int+6}
  7465 | Slime:5  | Got a slimy rune of Zot
  7499 | Slime:5  | Identified the staff of poison "Gidaolar" {rPois rF+ rC+}
  7548 | Slime:5  | Noticed an acid blob
  7552 | Slime:5  | Killed an acid blob
  7767 | D:10     | Bought the ring "Coul" {*Corrode rElec rF+++ Will+ SInv}
                  | for 768 gold pieces
  7803 | D:11     | Killed diceflayer's ghost
  7804 | D:11     | Reached XP level 20. HP: 112/170 MP: 32/37
  7809 | D:11     | Killed diceflayer's ghost
  7810 | D:11     | Killed Cris's ghost
  7818 | D:11     | Identified the +10 spear of Drought {heavy, rElec rF+ rN+
                  | MP+9}
  8015 | D:15     | Entered Level 15 of the Dungeon
  8032 | D:15     | Found a gate leading to a gauntlet.
  8041 | Gauntlet | Entered a Gauntlet
  8041 | Gauntlet | Found a transporter.
  8044 | Gauntlet | Found a transporter.
  8046 | Gauntlet | Found a transporter.
  8049 | Gauntlet | Found a transporter.
  8050 | Gauntlet | Found a transporter.
  8052 | Gauntlet | Found a transporter.
  8058 | Gauntlet | Found a transporter.
  8061 | Gauntlet | Found a transporter.
  8130 | Gauntlet | Identified the ring "Guimpame" {Ice Str+5}
  8152 | Gauntlet | Got the Encyclopedia of the Voyage
  8156 | Gauntlet | Identified the +3 swamp dragon scales of Vibiqoc {Harm
                  | rElec rPois}
  8156 | Gauntlet | Identified the +3 war axe of Compound Interest {flame,
                  | Will+}
  8310 | D:14     | Found a snail-covered altar of Cheibriados.
  8370 | D:13     | Found a gate to the Vaults.
  8385 | Vaults:1 | Entered Level 1 of the Vaults
  8401 | Vaults:1 | Reached skill level 15 in Dodging
  8486 | Vaults:1 | Noticed Saint Roka
  8492 | Vaults:1 | Killed Saint Roka
  8493 | Vaults:1 | Reached skill level 15 in Unarmed Combat
  8493 | Vaults:1 | Reached skill level 10 in Earth Magic
  8686 | Vaults:2 | Learned a level 6 spell: Eringya's Noxious Bog
  8722 | Vaults:3 | Reached skill level 1 in Poison Magic
  8757 | Vaults:3 | Found Baeclola's Antique Armour Shoppe.
  8770 | Vaults:3 | Reached XP level 21. HP: 178/178 MP: 32/38
  8787 | Vaults:3 | Reached skill level 5 in Poison Magic
  8880 | Vaults:3 | Reached skill level 13 in Spellcasting
  9007 | Vaults:3 | Found Jarokh's Assorted Antiques.
  9015 | Vaults:3 | Bought a potion of brilliance for 116 gold pieces
  9015 | Vaults:3 | Bought a scroll of teleportation for 87 gold pieces
  9053 | Vaults:3 | Found a staircase to the Crypt.
  9061 | Vaults:3 | Noticed a bone dragon
  9066 | Vaults:3 | Killed a bone dragon
  9088 | Vaults:3 | Learned a level 4 spell: Animate Dead
  9141 | Vaults:4 | Reached skill level 1 in Necromancy
  9214 | Vaults:5 | Entered Level 5 of the Vaults
  9215 | Vaults:5 | Noticed an ancient lich
  9220 | Vaults:5 | Reached skill level 5 in Necromancy
  9222 | Vaults:5 | Reached skill level 14 in Spellcasting
  9224 | Vaults:5 | Killed an ancient lich
  9227 | Vaults:5 | Reached XP level 22. HP: 118/185 MP: 24/41
  9238 | Vaults:5 | Noticed a dread lich
  9248 | Vaults:5 | Killed a dread lich
  9249 | Vaults:5 | Reached skill level 15 in Spellcasting
  9249 | Vaults:5 | Reached skill level 15 in Earth Magic
  9339 | Vaults:5 | Identified the staff of poison "Neuzim" {rPois rF+ MP-9
                  | Int+3 Dex+3}
  9355 | Vaults:5 | Identified the +2 great sword "Astur" {pain, rC- Str+5
                  | Dex+2}
  9365 | Vaults:5 | Learned a level 4 spell: Passage of Golubria
  9369 | Vaults:5 | Identified the staff of poison "Pousadix" {rPois Will-
                  | Int+5}
  9374 | Vaults:5 | Identified the ring of Brilliance {Wiz rElec Int+5}
  9396 | Vaults:5 | Identified the +6 mace of the Enemy {drain, Str+2 SInv}
  9397 | Vaults:5 | Noticed an ancient lich
  9400 | Vaults:5 | Noticed a dread lich
  9404 | Vaults:5 | Killed an ancient lich
  9414 | Vaults:5 | Noticed a Tzitzimitl
  9415 | Vaults:5 | Killed a dread lich
  9422 | Vaults:5 | Reached skill level 16 in Spellcasting
  9500 | Vaults:5 | Identified the +5 shortbow of Equivalence {speed, Will+
                  | Int+4 Dex-2}
  9522 | Vaults:5 | Reached XP level 23. HP: 179/192 MP: 33/44
  9598 | Vaults:5 | Learned a level 5 spell: Borgnjor's Vile Clutch
  9609 | Vaults:5 | Identified the +4 quarterstaff of the Undead {freeze,
                  | Int+2}
  9627 | Vaults:5 | Noticed a golden dragon
  9631 | Vaults:5 | Killed a golden dragon
  9761 | Crypt:1  | Entered Level 1 of the Crypt
  9840 | Crypt:2  | Reached skill level 17 in Spellcasting
  9932 | Crypt:2  | Learned a level 9 spell: Shatter
  9932 | Crypt:2  | Found a basalt altar of Yredelemnul.
  9938 | Crypt:3  | Entered Level 3 of the Crypt
 10063 | Crypt:3  | Got Ereshkigal's Essays on Diablerie
 10066 | Crypt:3  | Found a basalt altar of Yredelemnul.
 10066 | Crypt:3  | Found an ancient bone altar of Kikubaaqudgha.
 10066 | Crypt:3  | Noticed a curse toe
 10066 | Crypt:3  | Noticed a bone dragon
 10071 | Crypt:3  | Killed a curse toe
 10074 | Crypt:3  | Killed a bone dragon
 10083 | Crypt:3  | Got the Handbook of the Maleficium
 10115 | Crypt:3  | Identified the staff of cold "Rielur" {rF++ rC+ rN+}
 10150 | Crypt:3  | Noticed Grunn
 10151 | Crypt:3  | Killed Grunn
 10152 | Crypt:3  | Reached XP level 24. HP: 179/200 MP: 40/45
 10158 | Crypt:3  | Reached skill level 18 in Spellcasting
 10180 | Crypt:3  | Found a staircase to the Tomb.
 10189 | Tomb:1   | Entered Level 1 of the Tomb of the Ancients
 10232 | Tomb:1   | Noticed a royal mummy
 10233 | Tomb:1   | Killed a royal mummy
 10233 | Tomb:1   | Noticed a royal mummy
 10234 | Tomb:1   | Noticed a royal mummy
 10235 | Tomb:1   | Killed a royal mummy
 10237 | Tomb:1   | Killed a royal mummy
 10282 | Tomb:1   | Noticed a royal mummy
 10296 | Tomb:1   | Reached skill level 19 in Spellcasting
 10297 | Tomb:1   | Killed a royal mummy
 10311 | Tomb:1   | Noticed a royal mummy
 10316 | Tomb:1   | Killed a royal mummy
 10317 | Tomb:1   | Reached skill level 20 in Spellcasting
 10349 | Tomb:1   | Reached skill level 21 in Spellcasting
 10361 | Tomb:1   | Gained mutation: You are vulnerable to cold. (rC-)
                  | [mutagenic glow]
 10367 | Tomb:1   | Gained mutation: You are frail. (-10% HP) [mutagenic glow]
 10369 | Tomb:1   | Noticed a royal mummy
 10369 | Tomb:1   | Noticed a royal mummy
 10372 | Tomb:1   | Killed a royal mummy
 10373 | Tomb:1   | Noticed a royal mummy
 10373 | Tomb:1   | Gained mutation: You are clumsy. (Dex -2) [mutagenic glow]
 10375 | Tomb:1   | Killed a royal mummy
 10377 | Tomb:1   | Noticed a royal mummy
 10380 | Tomb:1   | Killed a royal mummy
 10380 | Tomb:1   | Noticed a royal mummy
 10449 | Tomb:1   | Identified the staff of death "Pinut" {rPois rN+ Dex+2
                  | Stlth+}
 10461 | Crypt:3  | Learned a level 6 spell: Statue Form
 10464 | Crypt:3  | Lost mutation: You are vulnerable to cold. (rC-) [potion of
                  | mutation]
 10464 | Crypt:3  | Lost mutation: You are frail. (-10% HP) [potion of
                  | mutation]
 10464 | Crypt:3  | Lost mutation: You are clumsy. (Dex -2) [potion of
                  | mutation]
 10464 | Crypt:3  | Gained mutation: You have a pair of small horns on your
                  | head. [potion of mutation]
 10464 | Crypt:3  | Gained mutation: Your system is resistant to poisons.
                  | (rPois) [potion of mutation]
 10464 | Crypt:3  | Gained mutation: You occasionally lose the ability to drink
                  | potions when taking damage. [potion of mutation]
 10464 | Crypt:3  | Gained mutation: Your spells are a little harder to cast,
                  | but a little more powerful. [potion of mutation]
 10465 | Crypt:3  | Lost mutation: You occasionally lose the ability to drink
                  | potions when taking damage. [potion of mutation]
 10465 | Crypt:3  | Lost mutation: Your spells are a little harder to cast, but
                  | a little more powerful. [potion of mutation]
 10465 | Crypt:3  | Lost mutation: Your system is resistant to poisons. (rPois)
                  | [potion of mutation]
 10465 | Crypt:3  | Gained mutation: You are partially covered in iridescent
                  | scales. (AC +2) [potion of mutation]
 10465 | Crypt:3  | Gained mutation: You occasionally lose the ability to read
                  | scrolls when taking damage. [potion of mutation]
 10465 | Crypt:3  | Gained mutation: Your muscles are strong. (Str +4, Int/Dex
                  | -1) [potion of mutation]
 10482 | Tomb:1   | Killed a royal mummy
 10483 | Tomb:1   | Reached XP level 25. HP: 93/195 MP: 38/49
 10525 | Tomb:2   | Noticed a royal mummy
 10525 | Tomb:2   | Noticed a royal mummy
 10527 | Tomb:2   | Noticed a royal mummy
 10528 | Tomb:2   | Noticed a royal mummy
 10529 | Tomb:2   | Noticed a royal mummy
 10530 | Tomb:2   | Killed a royal mummy
 10531 | Tomb:2   | Killed a royal mummy
 10531 | Tomb:2   | Killed a royal mummy
 10531 | Tomb:2   | Killed a royal mummy
 10531 | Tomb:2   | HP: 13/261 [torment (3)]
 10531 | Tomb:2   | HP: 5/261 [something (8)]
 10531 | Tomb:2   | HP: 1/261 [bennu (5)]
 10531 | Tomb:2   | Slain by a bennu

Illustrated notes

Levels and vault maps discovered:
D:1:      elethiomel_arrival_infinity_welcomes_careful_drivers,
          layout_loops_ring, corexii_item_surrounded_by_moat,
          minmay_pentomino_u4
D:2:      layout_basic, dreamdust_ecumenical_altar_statues
D:3:      layout_loops_ring, nicolae_uskayaw_suspiria,
          gammafunk_temple_overflow_pools, uniq_ijyb, uniq_terence
D:4:      layout_cave_pools, lemuel_mausoleum_altar_kikubaaqudgha,
          minmay_temple_entry_tees, gammafunk_ghost_smash, serial_shops,
          nicolae_shop_trees, minmay_misc_feat_nine_boxes, uniq_menkaure,
          uniq_grinder, uniq_edmund, uniq_robin
D:5:      layout_layer_cave, nicolae_overflow_crystal_walls,
          mainiacjoe_overflow_concentric_impassable
D:6:      layout_loops_cross, mainiacjoe_overflow_brackets,
          nicolae_figureground_sparkle
D:7:      layout_rooms, nicolae_yredelemnul_corpse_copse, lemuel_tele_altar,
          nicolae_elyvilon_peaceful_grove
D:8:      layout_cave_pools, trog_butcher_becter, uniq_maurice
D:9:      layout_roguey, erik_lair_orcish_takeover, erik_orc_4
D:10:     layout_roguey, serial_shops, nicolae_shop_stone,
          nicolae_shop_behind_doors, nicolae_shop_bloodbath_and_beyond, shop
D:11:     lemuel_insect_pit, layout_stronghold, gammafunk_ghost_cemetery,
          chequers_serial_rivers_micro_a, uniq_erica
D:12:     layout_roguey, uniq_nessos
D:13:     layout_gridville, erik_vaults_2
D:14:     layout_roguey, nicolae_water_bricks, cheibriados_altar_1
D:15:     grunt_enter_depths_magical_seal, layout_irregular_city,
          gauntlet_entry_generic
Lair:1:   layout_chaotic_city, infiniplex_staircase_pool_2
Lair:2:   layout_regular_city, swamp_mist, serial_bayou_shore_b,
          serial_bayou_shore_b
Lair:3:   gammafunk_mikee_crab_dinner, layout_long_grid,
          spider_nest_entry_rubble, grunt_megastairs_3
Lair:4:   hellmonk_destroyed_diamonds, layout_regular_city, lemuel_fruit_fields
Lair:5:   hellmonk_lair_end_abyssal_woods, layout_cave_pods, slime_entry_1,
          grunt_megastairs_4, serial_bayou_shore_b
Swamp:1:  nicolae_swamp_standing_stones, layout_basic_swamp,
          ebering_ghost_disaster_area, serial_swamp_ruin,
          evilmike_swamp_ruin_rubble_2, evilmike_swamp_ruin_rubble_1,
          evilmike_swamp_ruin_house_3
Swamp:2:  layout_falls_marsh, nicolae_swamp_some_circles
Swamp:3:  layout_basic_swamp, evilmike_swamp_ruin_house_5, swamp_pool2,
          uniq_mara
Swamp:4:  swamp_alternative, layout_basic_swamp, gammafunk_ghost_grave,
          lemuel_altar_in_water, uniq_louise
Spider:1: layout_spider_delve, portal_ice_cave_entry_ice_statue_one, drop_trap
Spider:2: layout_spider_delve, nicolae_crawler_farm
Spider:3: layout_spider_delve, uniq_azrael, uniq_asterion
Spider:4: guppyfry_spider_rune, nicolae_spider_twisty_arc_passages, uniq_arachne
Slime:1:  layout_caves
Slime:2:  nicolae_slime_jelly_donut, layout_caves,
          cheibrodos_slime_lost_civilization_6
Slime:3:  layout_caves
Slime:4:  layout_caves
Slime:5:  uniq_dissolution
Orc:1:    layout_diamond_mine
Orc:2:    grunt_orc_tribal_feast, layout_caves, serial_shops, shop, shop, shop,
          nicolae_orc_flooded_monolith, uniq_rupert
Vaults:1: nicolae_vaults_trapezoid_lopsided_3, nicolae_vaults_network_s,
          grunt_vaults_swirl, nicolae_vaults_ninety_degrees,
          vaults_dpeg_emergency_exit, vaults_standard_mumra_x,
          ontoclasm_vaults_pinch, vaults_room_corners, layout_vaults_big_room,
          uniq_zenata, uniq_saint_roka
Vaults:2: vaults_room_door_ring, nicolae_vaults_murderbox,
          ontoclasm_vaults_fault, nicolae_vaults_apartment_2,
          nicolae_vaults_offset_grid_hallway_3, nicolae_vaults_wine_cellar,
          ontoclasm_vaults_decontamination, v_misc_28,
          nicolae_vaults_heart-shaped_vault, v_alt_pattern_3,
          nicolae_vaults_trapezoid_layered, grunt_vaults_hallway_long,
          nicolae_vaults_diamond_1, layout_vaults_maze_snakey, uniq_nikola
Vaults:3: nicolae_vaults_closet_pinwheel_6, vaults_room_ringed_pool,
          minmay_crypt_entry_nasty_monster, nicolae_vaults_loss_of_containment,
          v_misc_1, nicolae_vaults_trapezoid_1, vaults_dpeg_hooks,
          nicolae_vaults_storage_room_statues, layout_vaults_omnigrid,
          serial_shops, nicolae_shop_overgrown_old_shop, shop, shop_fountains
Vaults:4: nicolae_vaults_puzzle_piece, nicolae_vaults_prndl,
          nicolae_vaults_diamond_2, nicolae_vaults_shipping_containers_6,
          nicolae_vaults_mitosis, hangedman_vaults_pinch,
          nicolae_vaults_three_branches, grunt_vaults_diagonal,
          ontoclasm_vaults_twist, v_misc_4, nicolae_vaults_triangles,
          nicolae_vaults_shelves_hall, nicolae_vaults_tetromino_Z_2,
          nicolae_vaults_variable_pillar_hall, layout_vaults_omnibox
Vaults:5: serial_shops
Crypt:1:  layout_gridlike, grunt_crypt_arrival_split, uniq_margery
Crypt:2:  layout_gridlike, lemuel_nasty_fountain, lemuel_upstairs_altar,
          grunt_megastairs_1
Crypt:3:  lightli_unholy_cathedral, layout_chaotic_city,
          nicolae_tomb_entry_unfolded_pyramid_orthogonal,
          nicolae_crypt_small_crypt, uniq_grunn
Tomb:1
Tomb:2

Skill      XL: |  1  2  3  4  5  6  7  8  9 10 11 12 13 14 15 16 17 18 19 20 21 22 23 24 |
---------------+-------------------------------------------------------------------------+-----
Spellcasting   | 3 4 5 6 7 9 10 12 14 16 17 21 | 21.6
Earth Magic    | 4 5 6 7 8 11 14 17 20 | 20.3
Conjurations   | 1 2 3 4 5 7 8 9 |  9.0
Transmutations | 2 3 5 7 8 10 12 | 12.7
Evocations     | 1 3 4 6 |  6.0
Invocations    | 9 11 12 | 12.0
Dodging        | 3 5 6 9 10 11 12 14 15 | 15.0
Fighting       | 3 4 7 8 9 10 12 13 | 13.2
Unarmed Combat | 3 5 9 11 13 16 | 16.2
Translocations | 2 3 |  3.0
Air Magic      | 2 7 11 13 16 17 18 | 18.0
Fire Magic     | 7 10 | 10.9
Shields        | 5 |  5.0
Poison Magic   | 4 6 |  6.0
Necromancy     | 5 6 |  6.1
Stealth        | |  1.8

Action                     |  1- 3 |  4- 6 |  7- 9 | 10-12 | 13-15 | 16-18 | 19-21 | 22-24 | 25-27 || total
---------------------------+-------+-------+-------+-------+-------+-------+-------+-------+-------++-------
  Melee: Spear             |       |       |     1 |    10 |     2 |       |       |       |       ||    13
         Unarmed           |       |       |       |   124 |   164 |   296 |   250 |   275 |     3 ||  1112
         Punch             |       |       |       |     8 |     4 |    20 |    24 |    24 |       ||    80
         Staff             |       |       |       |       |     3 |       |     3 |       |       ||     6
         Headbutt          |       |       |       |       |       |       |       |     3 |       ||     3
   Cast: Sandblast         |    26 |    44 |    50 |    32 |    20 |    13 |       |       |       ||   185
         Passwall          |     1 |     2 |       |     6 |     8 |    12 |     7 |       |       ||    36
         Stone Arrow       |       |    13 |    52 |   151 |   148 |    23 |     2 |    10 |       ||   399
         Blade Hands       |       |       |       |    11 |    11 |       |       |       |       ||    22
         Petrify           |       |       |       |     7 |     4 |       |       |       |       ||    11
         Plasma Beam       |       |       |       |       |    68 |    30 |    25 |     5 |       ||   128
         Apportation       |       |       |       |       |    18 |    41 |    80 |    41 |     1 ||   181
         Summon Lightning  |       |       |       |       |     5 |     7 |     8 |       |       ||    20
         Storm Form        |       |       |       |       |     4 |    29 |    32 |    21 |       ||    86
         Vhi's Electric Ch |       |       |       |       |     2 |    62 |    49 |    56 |     2 ||   171
         Maxwell's Capacit |       |       |       |       |       |     1 |       |       |       ||     1
         Eringya's Noxious |       |       |       |       |       |       |     9 |     5 |       ||    14
         Animate Dead      |       |       |       |       |       |       |     1 |     3 |       ||     4
         Passage of Golubr |       |       |       |       |       |       |       |   101 |     8 ||   109
         Shatter           |       |       |       |       |       |       |       |    30 |     4 ||    34
         Borgnjor's Vile C |       |       |       |       |       |       |       |    11 |       ||    11
         Statue Form       |       |       |       |       |       |       |       |     2 |     1 ||     3
 Invoke: Slouch            |       |       |       |       |     2 |     1 |    11 |       |       ||    14
         Step From Time    |       |       |       |       |     1 |     1 |       |     3 |       ||     5
Ability: Blinkbolt         |       |       |       |       |     8 |    26 |    30 |    21 |       ||    85
         End Transformatio |       |       |       |       |       |     6 |     3 |     7 |     1 ||    17
  Evoke: Wand              |       |     1 |     1 |    24 |     3 |     9 |       |     6 |       ||    44
         Phial of floods   |       |       |       |       |     1 |     1 |     1 |     1 |       ||     4
         Box of beasts     |       |       |       |       |       |       |     1 |       |       ||     1
         Condenser vane    |       |       |       |       |       |       |     1 |     1 |       ||     2
    Use: Potion            |       |     1 |     1 |     1 |     2 |     1 |     2 |     6 |       ||    14
         Scroll            |       |     4 |    11 |    11 |     3 |     5 |     4 |    11 |     1 ||    50
   Stab: Petrified         |       |       |       |    17 |     7 |       |       |       |       ||    24
         Petrifying        |       |       |       |     3 |       |       |       |       |       ||     3
         Confused          |       |       |       |       |       |     1 |     1 |       |       ||     2
         Distracted        |       |       |       |       |       |     1 |       |     1 |       ||     2
         Sleeping          |       |       |       |       |       |     2 |     1 |       |       ||     3
 Armour: Robe              |     2 |    12 |    24 |    20 |       |       |       |       |       ||    58
         Skin              |       |       |    11 |       |    21 |    83 |    48 |    50 |    24 ||   237
         Steam dragon scal |       |       |       |    24 |       |       |       |       |       ||    24
         Leather armour    |       |       |       |    63 |   116 |       |       |       |       ||   179
         Troll leather arm |       |       |       |       |       |     4 |       |     7 |       ||    11
  Dodge: Dodged            |     4 |    21 |    40 |   200 |   213 |   429 |   312 |   346 |    34 ||  1599
  Block: Buckler           |       |       |       |       |       |       |     2 |    11 |    10 ||    23
